 Dungeon Crawl Stone Soup version 0.31-a0-1091-g283494c966 (webtiles) character file.

Game seed: 13381070307440997305

4 Dirtsage the Changeling (level 1, 0/13 HPs)
             Began as an Octopode Shapeshifter on Nov 28, 2023.
             Constricted to death by a ball python (1 damage)
             ... on level 1 of the Dungeon.
             The game lasted 00:00:12 (29 turns).

Dirtsage the Changeling (Octopode Shapeshifter)       Turns: 29, Time: 00:00:12

Health: 0/13       AC:  1    Str: 13    XL:     1   Next: 60%
Magic:  1/1        EV: 10    Int: 12    God:
Gold:   0          SH:  0    Dex: 11    Spells: 0/0 levels left

rFire   . .          .
                       - Unarmed
rCold   . . .        (no shield)
rNeg    . . .        (helmet currently unavailable)
rPois   .            (no amulet)
rElec   .            (no ring)
rCorr   .            (no ring)
SInv    .            (no ring)
Will    .....        (no ring)
Stlth   ++           (no ring)
HPRegen 0.22/turn    (no ring)
MPRegen 0.07/turn    (no ring)
                     (no ring)

%: no passive effects
@: beast-form, constricted
A: beast (slay +1), almost no armour, amphibious, 8 rings, camouflage 1,
gelatinous body 1, (nimble swimmer 1), tentacles
a: Begin Untransformation


You were on level 1 of the Dungeon.
You were a hulking beast.
You visited 1 branch of the dungeon, and saw 1 of its levels.

Inventory:

Talismans
 b - a beast talisman
 c - a flux talisman
Potions
 a - a potion of lignification


   Skills:
 + Level 1.1 Fighting
 - Level 2.0 Dodging
 + Level 3.0 Unarmed Combat
 * Level 3.1 Shapeshifting


You couldn't memorise any spells.
You didn't know any spells.
Your spell library was empty.

Dungeon Overview and Level Annotations

Branches:
Dungeon (1/15)

Altars:


Innate Abilities, Weirdness & Mutations

You are a hulking beast.
Your limbs bulge with bestial killing power. (Slay +1)
You cannot wear most types of armour.
You are amphibious.
You can wear up to eight rings at the same time.
Your skin changes colour to match your surroundings (Stealth+).
Your rubbery body absorbs attacks. (AC +1, EV +1)
((You are camouflaged when in or above water. (Stealth+)))
You have tentacles for arms and can constrict up to eight enemies at once.


Message History

You are frozen.
You take 2 damage, and have 11/13 hp.
You barely miss the endoplasm.
The ball python hisses angrily.
You squeeze the endoplasm.
You kill the endoplasm!
You tentacle-slap the ball python. You grab the ball python.
You tentacle-slap the ball python.
The ball python is severely wounded.
You constrict the ball python, but do no damage.
The hobgoblin hits you.
The ball python bites you but does no damage.
The ball python misses you.
You take 1 damage, and have 10/13 hp.
You tentacle-slap the ball python.
You kill the ball python!
The hobgoblin barely misses you. The goblin hits you with a +0 dagger.
The rat misses you. The goblin attacks as it pursues you!
The goblin hits you with a +0 dagger. The hobgoblin hits you.
You take 6 damage, and have 4/13 hp.
MASSIVE DAMAGE!!
The rat attacks as it pursues you! The rat barely misses you.
The goblin attacks as it pursues you! The goblin closely misses you.
The rat attacks as it pursues you! The rat closely misses you.
The rat attacks as it pursues you! The rat closely misses you.
The rat attacks as it pursues you! The rat bites you.
* * * LOW HITPOINT WARNING * * *
You take 2 damage, and have 3/13 hp.
You barely miss the rat. Your grab misses the rat. You squeeze the rat.
You kill the rat!
You bludgeon the goblin!
You kill the goblin!
You swing at nothing.
The ball python bites you.
* * * LOW HITPOINT WARNING * * *
The ball python grabs you. The ball python constricts you.
* * * LOW HITPOINT WARNING * * *
You take 3 damage, and have 1/13 hp.
MASSIVE DAMAGE!!
You tentacle-slap the hobgoblin.
You kill the hobgoblin!
The ball python closely misses you. The ball python constricts you.
You die...

## ..# #.....# .......###
.........################
....r. #................#
#.....##...rr##S..##...<#
.......#.....lh.........#
......†..################
.........#
#....!.....w...
#........#l...#
#.............#
#.>####........ #.
####....# # ....#


You could see a ball python, a frilled lizard and 2 rats.

Vanquished Creatures
  A ball python (D:1)
  An endoplasm (D:1)
  A hobgoblin (D:1)
  A goblin (D:1)
  A rat (D:1)
5 creatures vanquished.

Notes
Turn   | Place    | Note
-------+----------+-------------------------------------------
     0 | D:1      | Dirtsage the Octopode Shapeshifter began the quest for the
                  | Orb.
     0 | D:1      | Reached XP level 1. HP: 13/13 MP: 1/1
    29 | D:1      | Constricted to death by a ball python

Illustrated notes

Levels and vault maps discovered:
D:1:      wheals_arrival_shading, layout_rooms

Action                     || total
---------------------------++-------
  Melee: Unarmed           ||     6
         Tentacles         ||     2
         Constrict         ||     1
         Punch             ||     1
 Armour: Skin              ||     7
  Dodge: Dodged            ||     9

Table legend: (Time is in decaauts)
 A = Elapsed time spent in this place.
 B = Non-inter-level travel time spent in this place.
 C = Inter-level travel time spent in this place.
 D = Time resting spent in this place.
 E = Time spent auto-exploring this place.
 F = Levels seen in this place.
 G = Mean time per level.
                   A        B        C        D        E       F      G
               +--------+--------+--------+--------+--------+-----+--------+
         Total |     28 |     28 |      0 |      0 |     12 |   1 |   28.0 |
       Dungeon |     28 |     28 |      0 |      0 |     12 |   1 |   28.0 |
               +--------+--------+--------+--------+--------+-----+--------+

Top non-repeatable levels by time:
     D:1: 28 daAuts
